 Dungeon Crawl Stone Soup version 0.31-a0-210-gccc998df9b (webtiles) character file.

Game seed: 2770956382652913765

142 qw the Shooter (level 5, -7/44 HPs)
             Began as a Minotaur Hexslinger on June 29, 2023.
             Mangled by Grinder (9 damage)
             ... on level 3 of the Dungeon.
             The game lasted 00:00:48 (1871 turns).

qw the Shooter (Minotaur Hexslinger)                Turns: 1871, Time: 00:00:49

Health: -7/44      AC:  5    Str: 13    XL:     5   Next: 3%
Magic:  5/5        EV: 11    Int: 10    God:
Gold:   116        SH:  0    Dex: 14    Spells: 5/6 levels left

rFire   + . .        Y - +2 sling
rCold   . . .        (no shield)
rNeg    . . .        d - +0 ring mail
rPois   .            (helmet restricted)
rElec   .            (no cloak)
rCorr   .            (no gloves)
SInv    .            (no boots)
Will    .....        (no amulet)
Stlth   +            c - ring of protection from fire
HPRegen 0.27/turn    (no ring)
MPRegen 0.09/turn

%: no passive effects
@: no status effects
A: horns 2, retaliatory headbutt
a: no special abilities


You were on level 3 of the Dungeon.
You visited 1 branch of the dungeon, and saw 3 of its levels.

You collected 116 gold pieces.


Innate Abilities, Weirdness & Mutations

You have a pair of horns on your head.
You reflexively headbutt those who attack you in melee.


   Skills:
 + Level 2.8 Fighting
 - Level 5.1 Ranged Weapons
 - Level 1.0 Armour
 - Level 2.1 Dodging
 - Level 1.0 Spellcasting
 - Level 2.0 Hexes


You had 5 spell levels left.
You knew the following spells:

 Your Spells              Type           Power      Damage    Failure   Level
a - Slow                  Hex            16%        N/A       32%         1

Your spell library contained the following spells:

 Spells                   Type           Power      Damage    Failure   Level
 Inner Flame              Hex/Fire       2%         N/A       82%         3
 Portal Projectile        Hex/Tloc       4%         N/A       82%         3
 Cause Fear               Hex            2%         N/A       97%         4

Inventory:

Hand Weapons
 Y - a +2 sling (weapon)
Armour
 d - a +0 ring mail (worn)
Jewellery
 c - a ring of protection from fire (left hand)
Scrolls
 a - a scroll of identify
Potions
 b - a potion of resistance {unknown}
 e - a potion of attraction {unknown}
 f - a potion of heal wounds {unknown}

Dungeon Overview and Level Annotations

Branches:
Dungeon (3/15)

Altars:
Ashenzari
Makhleb

Annotations:
D:3 Grinder


Message History

There is an open door here.
You shoot a sling bullet.
The sling bullet closely misses Grinder.
You shoot a sling bullet. The sling bullet hits Grinder.
Grinder is lightly wounded.
Grinder gestures at you.
You suddenly lose the ability to move!
You can move again.
You shoot a sling bullet. The sling bullet hits Grinder.
Grinder is moderately wounded.
Grinder hits you.
You writhe in agony.
You shoot a sling bullet.
The sling bullet hits Grinder but does no damage.
Grinder is moderately wounded.
Grinder barely misses you.
You shoot a sling bullet. The sling bullet hits Grinder.
Grinder is moderately wounded.
Grinder hits you.
You shoot a sling bullet. The sling bullet hits Grinder.
Grinder is heavily wounded.
Grinder closely misses you.
You shoot a sling bullet.
The sling bullet hits Grinder but does no damage.
Grinder is heavily wounded.
Grinder gestures at you. You resist with significant effort.
Grinder gestures at you. Pain shoots through your body!
You shoot a sling bullet. The sling bullet barely misses Grinder.
Grinder hits you but does no damage.
You shoot a sling bullet. The sling bullet hits Grinder!
Grinder is severely wounded.
Grinder hits you.
You writhe in agony.
You shoot a sling bullet. The sling bullet hits Grinder.
Grinder is severely wounded.
Grinder hits you.
You writhe in agony.
Grinder hits you.
You writhe in agony.
You shoot a sling bullet. The sling bullet hits Grinder.
Grinder is almost dead.
Grinder hits you!
You die...

#.# #.......# #.# #.#
#.......# #.# #####.###
#.......# #.#
#......$####.......###.#
#.........##............
#.#######.############..
#.#.....#.# ########..
#.#...$.#.### #.........
#.#$$_$@5...# .....####.
#.#.$...#...#....#.####.
#.#..$..#.#.#.# ..#....
..#######....# .#.##.
#.........#.## #..##.
##...##.###.# #.....
...## ##....## ##..###
### #.####.## ##.#.###
##.###.##....


You could see Grinder.

Vanquished Creatures
  Natasha (D:3)
  5 adders (D:2)
  4 dart slugs
  4 endoplasms
  5 giant cockroaches (D:2)
  6 goblins
  2 hobgoblins (D:1)
  8 jackals
  A quokka (D:2)
  5 ball pythons
  5 bats
  2 frilled lizards (D:1)
  8 kobolds
  6 rats
62 creatures vanquished.

Notes
Turn   | Place    | Note
-------+----------+-------------------------------------------
     0 | D:1      | qw the Minotaur Hexslinger began the quest for the Orb.
     0 | D:1      | Reached XP level 1. HP: 16/16 MP: 1/1
     0 | D:1      | 0 ||| qw: Version: 0.3-a-24-ga2abf7b
     0 | D:1      | 0 ||| qw: Game counter: 6884
     0 | D:1      | 0 ||| qw: Melee chars always use a shield: true
     0 | D:1      | 0 ||| qw: God list: Okawaru
     0 | D:1      | 0 ||| qw: Allow faded altars: false
     0 | D:1      | 0 ||| qw: Do Orc after clearing Dungeon:15 true
     0 | D:1      | 0 ||| qw: Do second Lair branch before Depths: true
     0 | D:1      | 0 ||| qw: Lair rune preference: random
     0 | D:1      | 0 ||| qw: Goals: Normal
     0 | D:1      | 0 ||| PLANNING D:1-11
   100 | D:1      | 100 ||| FLEEEEING.
   121 | D:1      | Reached skill level 3 in Ranged Weapons
   121 | D:1      | Reached XP level 2. HP: 18/23 MP: 2/2
   819 | D:1      | 819 ||| UPGRADING to +0 ring mail.
   829 | D:1      | 829 ||| DROPPING +0 robe.
   830 | D:1      | 830 ||| READING scroll labelled FIYCLAHUIHA.
   831 | D:1      | 831 ||| DROPPING scroll of poison.
   874 | D:2      | Reached XP level 3. HP: 29/29 MP: 3/3
   876 | D:2      | 876 ||| STAIRDANCE
   890 | D:2      | 890 ||| STAIRDANCE
   947 | D:2      | Reached skill level 4 in Ranged Weapons
   948 | D:2      | 948 ||| STAIRDANCE
   977 | D:2      | Found a faded altar of an unknown god.
  1008 | D:2      | Reached skill level 1 in Armour
  1105 | D:2      | Reached XP level 4. HP: 36/36 MP: 4/4
  1551 | D:2      | Reached skill level 5 in Ranged Weapons
  1672 | D:2      | 1672 ||| UPGRADING to ring of protection from fire.
  1673 | D:2      | 1673 ||| READING scroll labelled PEATYACWETSEE.
  1674 | D:2      | 1674 ||| READING scroll labelled DAWKUX PEURULL.
  1790 | D:3      | Found a broken altar of Ashenzari.
  1807 | D:3      | Noticed Natasha
  1812 | D:3      | Killed Natasha
  1813 | D:3      | Reached XP level 5. HP: 42/42 MP: 5/5
  1828 | D:3      | Noticed Grinder
  1828 | D:3      | Paralysed by Grinder for 4 turns
  1834 | D:3      | Paralysed by Grinder for 2 turns
  1847 | D:3      | Found a burning altar of Makhleb.
  1860 | D:3      | Paralysed by Grinder for 3 turns
  1870 | D:3      | HP: 10/44 [Grinder (4)]
  1870 | D:3      | HP: 1/44 [Grinder (5)]
  1871 | D:3      | Mangled by Grinder

Levels and vault maps discovered:
D:1:      lightli_arrival_windingriver, layout_loops_ring, serial_forest,
          infiniplex_forest_lined_2, infiniplex_forest_straight_4,
          infiniplex_forest_straight_5, infiniplex_forest_zigzag_1,
          infiniplex_forest_lined_ring, infiniplex_forest_straight_3,
          infiniplex_forest_clump_small, serial_bayou_ford_a,
          hangedman_decor_lopped
D:2:      layout_basic, chequers_ecumenical_altar_island,
          minmay_worlds_worst_comb
D:3:      layout_loops_cross, amcnicky_altar_gilded, nicolae_ashenzari_skybound,
          kennysheep_nub, uniq_natasha, uniq_grinder, uniq_jessica

Skill      XL: |  1  2  3  4 |
---------------+-------------+-----
Ranged Weapons | 3 4 5 |  5.1
Fighting       | 2 |  2.8
Armour         | 1 |  1.0
Dodging        | |  2.1
Spellcasting   | |  1.0
Hexes          | |  2.0

Action                     |  1- 3 |  4- 6 || total
---------------------------+-------+-------++-------
   Fire: Sling             |   120 |    69 ||   189
    Use: Scroll            |     1 |     2 ||     3
 Armour: Robe              |     4 |       ||     4
         Ring mail         |    18 |    21 ||    39
  Dodge: Dodged            |    47 |    28 ||    75

Table legend:
 A = Non-vault XP
 B = Vault XP
 C = Vault XP percentage of total XP
 D = Non-vault monster count
 E = Vault monster count
 F = Vault count percentage of total count
                 A         B        C        D         E       F
            +---------+---------+-------+---------+---------+-------
      Total |     158 |      45 |  22.2 |      56 |       6 |   9.7
            +---------+---------+-------+---------+---------+-------
        D:1 |      42 |       0 |   0.0 |      24 |       0 |   0.0
        D:2 |     113 |      10 |   8.1 |      30 |       5 |  14.3
        D:3 |       3 |      35 |  92.1 |       2 |       1 |  33.3
            +---------+---------+-------+---------+---------+-------
